Map: Bridgehead LE (Void)

Players

MaGiK - Winner!

  • Race: Protoss Protoss
  • League: Gold

Jay

  • Race: Zerg Zerg
  • League: Platinum

Event: Lycan League Weekly August #2

VOD

Have the link to the VOD?

Description

Time

  • Played on: Aug. 10, 2015, 12:27 p.m.
  • Length: 16:38

All games in this series

Show
View Real Time Build Order
Export as new Build Order

MaGiK Protoss - Winner!

Build Orders: 1 Gate Expand 

Get SALT Encoding   

  12  0:00  Probe  
  13  0:13  Probe  
  14  0:22  Pylon  
  14  0:40  Probe (Chrono Boost)  
  15  0:46  Gateway  
  16  0:50  Probe (Chrono Boost), Assimilator  
  16  0:57  Probe  
  17  1:09  Probe  
  18  1:21  Probe  
  19  1:33  Probe, Assimilator  
  19  1:37  Nexus  
  20  1:48  Pylon  
  20  1:53  Probe (Chrono Boost)  
  21  2:05  Cybernetics Core, Probe (Chrono Boost)  
  22  2:11  Probe (Chrono Boost)  
  23  2:22  Probe (Chrono Boost)  
  24  2:23  Zealot  
  24  2:29  Probe (Chrono Boost)  
  27  2:35  Gateway  
  27  2:41  Warp Gate (Chrono Boost)  
  29  2:44  Mothership Core (Chrono Boost)  
  29  2:59  Robotics Facility  
  29  3:03  Probe x2 (Chrono Boost)  
  31  3:16  Probe (Chrono Boost)  
  31  3:19  Probe (Chrono Boost)  
  33  3:23  Probe (Chrono Boost)  
  33  3:26  Probe, Forge  
  35  3:33  Pylon  
  35  3:36  Probe  
  35  3:38  Probe  
  37  3:48  Probe  
  37  3:50  Probe  
  37  3:51  Immortal (Chrono Boost)  
  43  3:56  Protoss Ground Weapons Level 1 (Chrono Boost)  
  42  4:04  Probe  
  42  4:05  Probe  
  44  4:10  Gateway  
  44  4:16  Probe  
  46  4:17  Probe  
  46  4:26  Immortal (Chrono Boost)  
  50  4:33  Gateway  
  50  4:41  Probe  
  50  4:42  Probe, Assimilator  
  50  4:44  Assimilator  
  52  4:51  Gateway  
  52  4:58  Pylon  
  52  5:01  Pylon  
  52  5:07  Pylon  
  52  5:11  Pylon  
  52  5:16  Probe x2, Warp Prism (Chrono Boost)  
  56  5:24  Zealot x3  
  62  5:47  Stalker  
  62  5:48  Stalker x2  
  68  6:07  Gateway  
  68  6:09  Gateway, Protoss Ground Armor Level 1 (Chrono Boost)  
  68  6:11  Gateway  
  68  6:14  Gateway  
  68  6:23  Sentry x2  
  68  6:24  Sentry x2  
  68  6:25  Sentry  
  78  6:52  Zealot x3  
  84  6:59  Pylon  
  84  7:01  Pylon  
  84  7:02  Pylon x2  
  84  7:05  Pylon  
  76  7:18  Zealot x4  
  76  7:19  Stalker  
  74  7:32  Stalker x3  
  74  7:33  Stalker  
  80  7:46  Observer (Chrono Boost)  
  71  8:01  Zealot x2  
  71  8:02  Zealot x6  
  71  8:04  Stalker  
  89  8:12  Twilight Council  
  89  8:22  Immortal (Chrono Boost)  
  89  8:24  Protoss Shields Level 1 (Chrono Boost)  
  93  8:33  Stalker  
  93  8:34  Stalker x4  
  99  8:35  Stalker x3  
  97  9:10  Zealot x3  
  97  9:11  Stalker x3  
  65  9:42  Stalker x7  
  65  9:43  Stalker  
  81  10:16  Blink (Chrono Boost)  
  81  10:27  Nexus  
  81  10:52  Protoss Ground Weapons Level 2 (Chrono Boost)  
  81  10:56  Immortal (Chrono Boost)  
  85  11:02  Dark Shrine  
  85  11:18  Immortal, Nexus  
  85  11:29  Pylon  
  89  11:42  Probe  
  89  11:43  Probe x2  
  92  11:54  Photon Cannon  
  92  11:55  Probe x3, Charge (Chrono Boost)  
  92  11:57  Photon Cannon  
  95  12:07  Probe x3  
  98  12:15  Dark Templar x2  
  102  12:16  Dark Templar x2  
  102  12:19  Archon  
  102  12:20  Archon  
  106  12:31  Dark Templar  
  106  12:32  Dark Templar x3  
  106  12:36  Protoss Ground Weapons Level 3 (Chrono Boost)  
  114  12:38  Archon x2  
  114  12:56  Dark Templar  
  114  12:57  Dark Templar x3  
  122  13:24  Dark Templar x2  
  122  13:25  Dark Templar x2  
  130  13:39  Dark Templar  
  130  13:40  Dark Templar x3  
  138  13:43  Archon  
  138  13:47  Archon x2  
  138  13:48  Archon  
  138  14:01  Probe x4  
  142  14:11  Zealot x5  
  142  14:12  Zealot x4  
  154  14:32  Archon  
  154  14:33  Zealot x3  
  160  14:40  Pylon  
  160  14:44  Pylon  
  154  14:47  Pylon  
  154  14:52  Observer (Chrono Boost)  
  92  15:17  Zealot  
  92  15:18  Zealot x7  
  92  15:19  Zealot  
  78  15:29  Probe x4  
  82  15:48  Zealot x2  
  82  15:49  Stalker, Zealot  
  90  15:50  Stalker x5  
  96  16:20  Zealot x3  
  96  16:21  Zealot x6  
Show
View Real Time Build Order
Export as new Build Order

Jay Zerg 

Build Orders: 3 Hatch before Pool, Lurkers 

Get SALT Encoding   

  12  0:02  Drone  
  13  0:08  Drone  
  14  0:17  Overlord  
  14  0:25  Extractor  
  14  0:26  Drone  
  15  0:36  Drone x2  
  17  0:46  Drone  
  18  0:58  Hatchery  
  18  1:01  Drone  
  18  1:08  Drone  
  19  1:24  Drone  
  20  1:28  Drone  
  21  1:34  Hatchery  
  21  1:39  Drone  
  21  1:49  Spawning Pool  
  21  1:50  Extractor  
  21  1:53  Drone  
  20  2:00  Extractor  
  20  2:01  Drone  
  20  2:24  Drone x2, Overlord  
  20  2:28  Drone  
  23  2:33  Drone x2  
  25  2:38  Queen  
  25  2:40  Metabolic Boost  
  27  2:48  Queen  
  29  2:57  Queen  
  31  3:00  Zergling x2  
  31  3:02  Zergling x2  
  33  3:06  Drone  
  33  3:08  Drone  
  35  3:13  Overlord  
  36  3:20  Drone x2  
  37  3:29  Drone x2  
  39  3:39  Drone  
  39  3:40  Drone x5  
  45  3:43  Overlord  
  45  3:55  Evolution Chamber  
  45  3:59  Evolution Chamber, Extractor  
  45  4:00  Extractor  
  45  4:02  Lair  
  41  4:06  Queen  
  43  4:11  Drone x2  
  45  4:18  Drone x4  
  45  4:21  Drone  
  50  4:32  Overlord  
  49  4:40  Drone x5  
  54  4:49  Overlord  
  54  4:55  Zerg Melee Weapons Level 1  
  54  4:56  Zerg Ground Armor Level 1  
  54  5:07  Infestation Pit  
  53  5:08  Drone x3, Hydralisk Den  
  53  5:11  Overseer  
  55  5:17  Drone x4  
  59  5:22  Drone x2  
  59  5:23  Drone x2  
  59  5:24  Drone, Lurker Den  
  64  5:38  Extractor  
  64  5:40  Extractor  
  64  5:42  Drone x2  
  64  5:48  Drone x3  
  64  5:49  Drone x3  
  70  5:50  Overlord x2  
  70  5:57  Zergling x2  
  70  5:58  Zergling x8  
  74  6:06  Overlord x4  
  74  6:10  Drone x2, Overlord  
  76  6:15  Zergling x6  
  79  6:23  Zergling x14  
  86  6:26  Zergling x4  
  88  6:34  Zergling x8  
  92  6:42  Zergling x2  
  92  6:43  Zergling x16  
  92  6:44  Zergling x2  
  92  6:45  Hydralisk  
  104  6:48  Hydralisk  
  103  7:09  Zergling x2  
  103  7:10  Zergling x12  
  103  7:14  Lurker x2  
  98  7:16  Zergling x4  
  98  7:17  Zergling x6  
  103  7:26  Zergling x2  
  103  7:27  Zergling x8  
  91  7:40  Zergling x4  
  91  7:41  Zergling x6  
  94  7:47  Queen  
  94  7:49  Zergling x4  
  94  7:50  Zergling x4  
  87  8:02  Hive, Pathogen Glands  
  87  8:15  Spore Crawler  
  86  8:20  Hydralisk x5  
  86  8:22  Hatchery  
  86  8:23  Zergling x10  
  100  8:34  Zergling x4  
  97  8:49  Lurker x3  
  97  8:50  Lurker x2  
  97  8:51  Zergling x6  
  97  8:52  Zergling x8  
  101  8:59  Zergling x4  
  101  9:00  Zergling x10  
  97  9:15  Zergling x6  
  79  9:24  Zergling x2  
  79  9:25  Zergling x4  
  79  9:29  Zergling x2  
  79  9:30  Zergling x2  
  67  9:39  Queen  
  67  9:43  Adrenal Glands, Ultralisk Cavern  
  68  9:46  Queen  
  68  9:51  Drone x7  
  68  9:52  Drone  
  78  10:06  Infestor x4  
  78  10:07  Infestor x3  
  91  10:17  Hydralisk x5  
  91  10:20  Zergling x10  
  104  10:34  Chitinous Plating  
  104  10:37  Zergling x10  
  108  10:42  Lurker  
  108  10:43  Lurker x2  
  108  10:44  Lurker  
  108  10:45  Overlord x4  
  111  11:04  Lurker  
  111  11:10  Evolution Chamber  
  111  11:12  Evolution Chamber, Drone x5  
  111  11:13  Drone x6  
  111  11:16  Zergling x12  
  127  11:29  Ultralisk  
  133  11:39  Extractor  
  132  11:40  Extractor  
  132  11:41  Spine Crawler x2  
  132  11:45  Spine Crawler  
  128  11:48  Drone x3  
  128  11:49  Drone x3  
  128  11:50  Drone x2  
  128  11:52  Zerg Melee Weapons Level 2  
  136  11:56  Zerg Ground Armor Level 2  
  136  12:06  Overlord  
  136  12:07  Overlord  
  136  12:15  Ultralisk  
  142  12:17  Overlord x2  
  142  12:18  Overlord  
  142  12:23  Overlord x2  
  142  12:37  Overseer x2  
  142  12:43  Drone x2  
  145  12:44  Drone x2  
  145  12:46  Ultralisk x2  
  158  12:55  Ultralisk  
  164  13:02  Overlord  
  144  13:15  Viper x5  
  153  13:36  Overseer  
  153  13:38  Overseer  
  153  13:40  Overseer x2  
  141  13:51  Spore Crawler, Spine Crawler  
  141  13:52  Spore Crawler, Spine Crawler x2  
  136  13:58  Ultralisk x4  
  136  14:02  Zergling x4  
  162  14:03  Zergling x4  
  164  14:14  Zergling x2  
  164  14:15  Zergling x10  
  166  14:30  Zergling x2  
  166  14:31  Zergling x16  
  171  14:32  Zergling x10  
  160  14:51  Zergling x14  
  160  14:52  Zergling x4  
  132  15:06  Zergling x10  
  132  15:07  Zergling x12  
  118  15:08  Zergling x2  
  118  15:10  Zergling x2  
  77  15:25  Ultralisk  
  82  15:40  Zergling x10  
  82  15:41  Zergling x2  
  88  15:47  Ultralisk  
  85  15:58  Zergling x10  

Tags
 
Add a new tag
Caveats
  • Supply blocks, unpowered buildings, or Contaminate may cause inaccurate times.
  • Supply counts are checked every 10 seconds.